 Dungeon Crawl Stone Soup version 0.26-a0-812-g31a745ddcd (webtiles) character file.

Game seed: 1127792482997282902

1841 robertstho the Thaumaturge (level 8, 0/42 HPs)
             Began as a Deep Elf Ice Elementalist on Nov 13, 2020.
             Was an Initiate of Sif Muna.
             Slain by a wight
             ... wielding a +0 flail
              (10 damage)
             ... on level 7 of the Dungeon.
             The game lasted 00:09:07 (8275 turns).

robertstho the Thaumaturge (DEIE)                   Turns: 8275, Time: 00:09:07

Health: 0/42       AC:  2    Str:  5    XL:     8   Next: 87%
Magic:  13/23      EV: 13    Int: 26    God:    Sif Muna [......]
Gold:   457        SH:  0    Dex: 15    Spells: 10/25 levels left

rFire    . . .     SeeInvis .   t - +0 spear (venom)
rCold    + . .     Faith    .   (no shield)
rNeg     + . .     Spirit   .   a - +0 robe
rPois    .         Reflect  .   (no helmet)
rElec    +         Harm     .   (no cloak)
rCorr    .         Rampage  .   (no gloves)
MR       .....                  (no boots)
Stlth    +++.......             (no amulet)
HPRegen  0.14/turn              A - ring of Koddet {rElec rC+ rN+ Int+3}
MPRegen  0.18/turn              B - ring of wizardry

@: studying Fire Magic, lightly drained
A: no striking features
a: Renounce Religion


You were on level 7 of the Dungeon.
You worshipped Sif Muna.
Sif Muna was noncommittal.
You visited 2 branches of the dungeon, and saw 8 of its levels.

You collected 457 gold pieces.

Inventory:

Hand Weapons
 b - a +0 short sword
 t - a +0 spear of venom (weapon)
Missiles
 f - 3 curare-tipped darts (quivered)
Armour
 a - a +0 robe (worn)
Jewellery
 x - an uncursed ring of positive energy
 A - the ring of Koddet (left hand) {rElec rC+ rN+ Int+3}
   (You found it on level 5 of the Dungeon)

   [ring of positive energy]

   It affects your intelligence (+3).
   It protects you from cold.
   It insulates you from electricity.
   It protects you from negative energy.
 B - a ring of wizardry (right hand)
 E - an uncursed ring of stealth {unknown}
Wands
 o - a wand of disintegration (12)
 u - a wand of enslavement (6)
Scrolls
 d - 2 scrolls of noise {unknown}
 e - 12 scrolls of remove curse {unknown}
 h - 2 scrolls of amnesia {unknown}
 k - 2 scrolls of random uselessness {unknown}
 m - 2 scrolls of teleportation {unknown}
 n - 7 scrolls of identify {unknown}
 v - 3 scrolls of enchant weapon {unknown}
 w - a scroll of enchant armour {unknown}
 y - a scroll of fog {unknown}
 C - a scroll of vulnerability {unknown}
 F - a scroll of immolation {unknown}
Potions
 c - a potion of heal wounds {unknown}
 g - 2 potions of berserk rage {unknown}
 i - 2 potions of attraction {unknown}
 j - a potion of cancellation {unknown}
 l - 3 potions of curing
 p - a potion of magic {unknown}
 q - 2 potions of brilliance {unknown}
 r - 2 potions of flight {unknown}
 s - a potion of mutation {unknown}
 z - a potion of haste {unknown}
 G - a potion of ambrosia {unknown}
Books
 D - a manual of Fire Magic


   Skills:
 + Level 0.7(0.3) Fighting
 + Level 1.1(0.7) Short Blades
 + Level 1.3(0.9) Polearms
 + Level 3.5(3.1) Dodging
 + Level 4.6(4.1) Stealth
 * Level 9.0(8.6) Spellcasting
 + Level 1.3(0.9) Summonings
 * Level 9.0(8.5) Ice Magic
 * Level 3.6(3.1) Invocations


You had 10 spell levels left.
You knew the following spells:

 Your Spells              Type           Power        Failure   Level
a - Freeze                Ice            ####         1%          1
b - Frozen Ramparts       Ice            ######       1%          3
c - Ozocubu's Armour      Ice            ######..     1%          3
d - Hailstorm             Conj/Ice       ####....     3%          4
e - Summon Ice Beast      Ice/Summ       #####...     3%          4

Your spell library contained the following spells:

 Spells                   Type           Power        Failure   Level
 Confusing Touch          Hex            ##......     6%          3
 Gell's Gravitas          Tloc           ##........   6%          3
 Metabolic Englaciation   Hex/Ice        ####......   11%         5
 Petrify                  Tmut/Erth      ##......     21%         4
 Yara's Violent Unravell  Hex/Tmut       ##........   50%         5


Dungeon Overview and Level Annotations

Branches:
Dungeon (7/15)             Temple (1/1) D:4

Altars:
Ashenzari
Cheibriados
Dithmenos
Elyvilon
Fedhas
Gozag
Hepliaklqana
Kikubaaqudgha
Makhleb
Nemelex Xobeh
Okawaru
Qazlal
Ru
Sif Muna
Trog
Uskayaw
Vehumet
Wu Jian
Xom
Yredelemnul
Zin
The Shining One


Message History

The wight hits your ice beast with a +0 flail!
The wight drains your ice beast.
Your ice beast hits the wight but does no damage.
The wight hits your ice beast with a +0 flail.
Your ice beast hits the wight but does no damage.
Your ice beast hits the wight but does no damage.
The wight hits your ice beast with a +0 flail.
The wight drains your ice beast.
Your ice beast dies!
The wight barely misses you. The wight closely misses you.
Casting: Summon Ice Beast (dangerous; 2% risk of failure)
Confirm with . or Enter, or press ? or * to list all spells.
A chill wind blows around you. The wight hits you with a +0 flail.
You partially resist.
You feel drained.
The wight hits you from afar with a +0 trident!
* * * LOW HITPOINT WARNING * * *
Casting: Summon Ice Beast (dangerous; 3% risk of failure)
Confirm with . or Enter, or press ? or * to list all spells.
A chill wind blows around you. The wight hits you with a +0 flail!
You die...

#.# #.##### #.#.... #.#.###
##################### #.#...<
#.........##........# #.#.#..
#.........##........# #.#...(
.##.......[.##..Y.....####.#.#.#
..'.........'zz@.....รท'.........
.##.........##Y.......####.#....
#.........##........# #.#####
#.........##........# #......
#.........##......[.# #######
...........###########
##..........# #..........#


You could see 2 wights and 2 friendly ice beasts.

Vanquished Creatures
  A water moccasin (D:5)
  An orc warrior (D:6)
  4 ogres
  5 centaurs
  2 bullfrogs
  2 wights (D:6)
  3 howler monkeys
  A jelly (D:6)
  3 hounds (D:6)
  Jessica (D:2)
  5 worker ants (D:4)
  An iguana (D:4)
  A worker ant zombie (D:5)
  4 gnolls (D:4)
  2 howler monkey skeletons (D:6)
  7 adders
  A shadow imp (D:5)
  An ufetubus (D:5)
  An ooze (D:1)
  3 worms
  3 dart slugs
  A leopard gecko (D:2)
  12 orcs
  3 ball pythons
  4 bats
  5 giant cockroaches
  7 hobgoblins
  10 jackals
  4 frilled lizards
  7 goblins
  7 kobolds
  8 rats
120 creatures vanquished.

Vanquished Creatures (collateral kills)
  3 wights (D:6)
  A leopard gecko skeleton (D:5)
4 creatures vanquished.

Grand Total: 124 creatures vanquished

Notes
Turn   | Place    | Note
-------+----------+-------------------------------------------
     0 | D:1      | robertstho the Deep Elf Ice Elementalist began the quest
                  | for the Orb.
     0 | D:1      | Reached XP level 1. HP: 10/10 MP: 6/6
   590 | D:1      | Reached XP level 2. HP: 15/15 MP: 5/8
  1168 | D:2      | Reached skill level 5 in Ice Magic
  1168 | D:2      | Reached XP level 3. HP: 16/19 MP: 8/10
  1323 | D:2      | Noticed Jessica
  1337 | D:2      | Killed Jessica
  1337 | D:2      | Reached XP level 4. HP: 19/24 MP: 5/11
  3059 | D:4      | Reached XP level 5. HP: 19/28 MP: 7/14
  3064 | D:4      | Learned a level 3 spell: Frozen Ramparts
  3068 | D:4      | Learned a level 3 spell: Ozocubu's Armour
  3073 | D:4      | Learned a level 4 spell: Hailstorm
  3206 | D:4      | Reached skill level 5 in Spellcasting
  3532 | D:4      | Reached skill level 1 in Short Blades
  3815 | D:4      | Found a staircase to the Ecumenical Temple.
  3826 | D:4      | Reached XP level 6. HP: 32/32 MP: 12/16
  4281 | Temple   | Entered the Ecumenical Temple
  4327 | Temple   | Became a worshipper of Sif Muna the Loreminder
  4793 | D:5      | Entered Level 5 of the Dungeon
  5136 | D:5      | Reached XP level 7. HP: 12/36 MP: 15/19
  5145 | D:5      | Reached skill level 1 in Invocations
  5193 | D:5      | Learned a level 4 spell: Summon Ice Beast
  5593 | D:5      | Found an iron altar of Okawaru.
  5910 | D:5      | Got a faintly glowing brass ring
  6830 | D:6      | Reached XP level 8. HP: 38/42 MP: 17/21
  7040 | D:6      | Reached skill level 1 in Polearms
  7045 | D:6      | Reached skill level 1 in Summonings
  7358 | D:6      | Identified the ring of Koddet {rElec rC+ rN+ Int+3} (You
                  | found it on level 5 of the Dungeon)
  7559 | D:6      | Reached * piety under Sif Muna
  8275 | D:7      | Slain by a wight

Illustrated notes

Levels and vault maps discovered:
D:1:      dpeg_arrival_rhombi, layout_basic
D:2:      layout_loops_ring, due_unseen_surprise, uniq_jessica
D:3:      layout_loops_ring
D:4:      layout_basic, minmay_temple_entry_statues_pillars,
          kennysheep_generic_room_13
D:5:      minmay_evil_eye, layout_loops_corners, okawaru_metal_pillars_3
D:6:      layout_basic, minmay_manual_mares
D:7:      layout_basic, uniq_joseph
Temple:   compressed_dpeg_circular_temple

Skill      XL: |  1  2  3  4  5  6  7  8 |
---------------+-------------------------+-----
Stealth        | 3 4 |  4.6
Ice Magic      | 5 7 8 9 |  9.0
Spellcasting   | 4 5 6 7 9 |  9.0
Short Blades   | 1 |  1.1
Dodging        | 3 |  3.5
Invocations    | 1 3 |  3.6
Polearms       | 1 |  1.3
Summonings     | 1 |  1.3
Fighting       | |  0.7

Action                   |  1- 3 |  4- 6 |  7- 9 || total
-------------------------+-------+-------+-------++-------
Melee: Short sword       |    26 |    68 |       ||    94
       Unarmed           |     2 |       |       ||     2
       Spear             |       |    20 |    76 ||    96
 Cast: Freeze            |    26 |    41 |       ||    67
       Frozen Ramparts   |       |    19 |    16 ||    35
       Summon Ice Beast  |       |       |    11 ||    11
  Use: Potion            |       |       |     1 ||     1
 Stab: Sleeping          |     3 |     4 |     3 ||    10
       Distracted        |       |     1 |     1 ||     2
Armor: Robe              |     8 |    18 |     8 ||    34
Dodge: Dodged            |    37 |   107 |    63 ||   207

Table legend: (Time is in decaauts)
 A = Elapsed time spent in this place.
 B = Non-inter-level travel time spent in this place.
 C = Inter-level travel time spent in this place.
 D = Time resting spent in this place.
 E = Time spent auto-exploring this place.
 F = Levels seen in this place.
 G = Mean time per level.
                   A        B        C        D        E       F      G
               +--------+--------+--------+--------+--------+-----+--------+
         Total |   8287 |   8024 |    263 |    284 |   6734 |   8 | 1035.9 |
       Dungeon |   8196 |   7978 |    218 |    284 |   6692 |   7 | 1170.9 |
        Temple |     90 |     46 |     44 |      0 |     42 |   1 |   90.0 |
               +--------+--------+--------+--------+--------+-----+--------+

Top non-repeatable levels by time:
     D:4: 1722 daAuts
     D:5: 1581 daAuts
     D:6: 1577 daAuts
     D:2: 1152 daAuts
     D:1: 1055 daAuts
     D:3: 778 daAuts
     D:7: 328 daAuts
  Temple: 90 daAuts
